 Dungeon Crawl Stone Soup version 0.27-a0-362-g8331d79 (webtiles) character file.

Game seed: 11167206901631567646

58 MrTaco21 the Cudgeller (level 4, -2/28 HPs)
             Began as a Gargoyle Fighter on Feb 16, 2021.
             Slain by Sigmund
             ... wielding a +0 scythe
              (9 damage)
             ... on level 2 of the Dungeon.
             The game lasted 00:01:26 (1582 turns).

MrTaco21 the Cudgeller (Gargoyle Fighter)           Turns: 1582, Time: 00:01:27

Health: -2/28      AC: 11    Str: 20    XL:     4   Next: 1%
Magic:  4/4        EV:  7    Int:  9    God:
Gold:   46         SH:  0    Dex:  9    Spells: 3/3 levels left

rFire    . . .     SeeInvis .   a - +0 flail
rCold    . . .     Faith    .   c - +0 kite shield
rNeg     + . .     Spirit   .   b - +0 scale mail
rPois    ∞         Reflect  .   (no helmet)
rElec    +         Harm     .   (no cloak)
rCorr    .         Rampage  .   m - +0 pair of gloves
Will     .....                  (no boots)
Stlth    ..........             (no amulet)
HPRegen  0.09/turn              (no ring)
MPRegen  0.09/turn              (no ring)

@: confused
A: negative energy resistance 1, electricity resistance, unbreathing,
petrification resistance, miasma immunity, AC +3
a: no special abilities


You were on level 2 of the Dungeon.
You visited 1 branch of the dungeon, and saw 2 of its levels.

You collected 46 gold pieces.

Inventory:

Hand Weapons
 a - a +0 flail (weapon)
Armour
 b - a +0 scale mail (worn)
 c - a +0 kite shield (worn)
 m - a +0 pair of gloves (worn)
   (You found it on level 1 of the Dungeon)
 q - a +0 helmet
   (You found it on level 2 of the Dungeon)
Scrolls
 h - 2 scrolls of teleportation {unknown}
 k - a scroll of amnesia {unknown}
 p - a scroll of magic mapping {unknown}
Potions
 d - 3 potions of might
 e - a potion of flight {unknown}
 f - a potion of magic {unknown}
 g - a potion of resistance {unknown}
 i - a potion of degeneration {unknown}
 j - a potion of heal wounds {unknown}
 l - a potion of attraction {unknown}
 n - a potion of lignification {unknown}
 o - 2 potions of cancellation {unknown}


   Skills:
 - Level 3.2 Fighting
 + Level 4.1 Maces & Flails
 - Level 3.2 Armour
 - Level 3.2 Shields


You had 3 spell levels left.
You didn't know any spells.
Your spell library was empty.

Dungeon Overview and Level Annotations

Branches:
Dungeon (2/15)

Altars:

Annotations:
D:2 Sigmund


Innate Abilities, Weirdness & Mutations

You are resistant to torment.
Your stone body is resilient. (AC +3)
You are immune to poison.
You resist negative energy. (rN+)
You are resistant to electric shocks. (rElec)
You can survive without breathing.
You are immune to petrification.
You are immune to miasma.


Message History

Something hits you but does no damage.
You hit something. You block something's attack.
Unknown command.
You miss something.
Unknown command.
You sock something! Something hits you but does no damage.
Unknown command.
You closely miss something. Something hits you.
You closely miss something. Something hits you.
* * * LOW HITPOINT WARNING * * *
You sock something!
You hear some strange, mumbled words.
You are confused.
Something hits you but does no damage.
You bump into the rock wall.
Unknown command.
You bump into the rock wall.
You hear some strange, mumbled words.
A puff of flame appears from out of thin air!
The puff of flame hits you.
* * * LOW HITPOINT WARNING * * *
Unknown command.
Unknown command.
You completely miss something.
You hear some strange, mumbled words.
A puff of flame appears from out of thin air!
The puff of flame hits you but does no damage.
Something hits you.
* * * LOW HITPOINT WARNING * * *
Unknown command.
You bump into the rock wall.
You bump into the rock wall.
You feel less confused. Something hits you but does no damage.
You miss something. Something hits you but does no damage.
You barely miss something.
You hear some strange, mumbled words.
A magic dart appears from out of thin air!
The magic dart hits you but does no damage.
Unknown command.
You closely miss something.
You hear some strange, mumbled words.
You are confused.
You bump into the rock wall.
Something hits you!
You die...

... #.# #.# #.#
#.# #.#
########### #{#
#.........#
#@#####.#######.#
#...........# #.#
#..####.###.###.##
.....#
#.##.......#
##.....
#.##..###..#
##...##
#..........# ##.##
####..####.# #.#
#...(.#.# #.
#.###.#.#


There were no monsters in sight!

Vanquished Creatures
  3 oozes
  2 worms (D:2)
  3 leopard geckos
  A giant cockroach (D:2)
  2 goblins
  5 hobgoblins
  2 jackals (D:1)
  A quokka (D:2)
  A ball python (D:1)
  6 bats
  A frilled lizard (D:1)
  6 kobolds
  3 rats
36 creatures vanquished.

Notes
Turn   | Place    | Note
-------+----------+-------------------------------------------
     0 | D:1      | MrTaco21 the Gargoyle Fighter began the quest for the Orb.
     0 | D:1      | Reached XP level 1. HP: 14/14 MP: 1/1
   252 | D:1      | Reached XP level 2. HP: 17/19 MP: 2/2
   329 | D:1      | Reached skill level 3 in Maces & Flails
   530 | D:1      | Reached XP level 3. HP: 17/23 MP: 3/3
  1384 | D:2      | Reached skill level 4 in Maces & Flails
  1530 | D:2      | Reached XP level 4. HP: 28/28 MP: 4/4
  1556 | D:2      | Noticed Sigmund
  1582 | D:2      | Slain by Sigmund

Illustrated notes

Levels and vault maps discovered:
D:1:      dpeg_chamrin_arrival_tetris, layout_basic, feat_on_display
D:2:      layout_loops_corners, uniq_sigmund

Skill      XL: |  1  2  3 |
---------------+----------+-----
Maces & Flails | 3 4 |  4.1
Fighting       | |  3.2
Armour         | |  3.2
Shields        | |  3.2

Action                   |  1- 3 |  4- 6 || total
-------------------------+-------+-------++-------
Melee: Flail             |   161 |    20 ||   181
Armor: Scale mail        |   151 |     7 ||   158
Dodge: Dodged            |    72 |     1 ||    73
Block: Kite shield       |   124 |     7 ||   131

Table legend: (Time is in decaauts)
 A = Elapsed time spent in this place.
 B = Non-inter-level travel time spent in this place.
 C = Inter-level travel time spent in this place.
 D = Time resting spent in this place.
 E = Time spent auto-exploring this place.
 F = Levels seen in this place.
 G = Mean time per level.
                   A        B        C        D        E       F      G
               +--------+--------+--------+--------+--------+-----+--------+
         Total |   1666 |   1652 |     14 |      0 |   1239 |   2 |  833.0 |
       Dungeon |   1666 |   1652 |     14 |      0 |   1239 |   2 |  833.0 |
               +--------+--------+--------+--------+--------+-----+--------+

Top non-repeatable levels by time:
     D:1: 1203 daAuts
     D:2: 463 daAuts
